 Dungeon Crawl Stone Soup version 0.28.0-62-gf88900778d (webtiles) character file.

Game seed: 2014196604634518291

615964 Shaddo5 the Conqueror (level 26, -2/290 HPs)
             Began as a Deep Dwarf Fighter on Mar 11, 2023.
             Was the Champion of Jiyva.
             Killed from afar by an orb of fire (22 damage)
             ... with a bolt of fire
             ... on level 5 of the Realm of Zot.
             The game lasted 02:14:30 (48479 turns).

Shaddo5 the Conqueror (Deep Dwarf Fighter)         Turns: 48479, Time: 02:14:31

Health: -2/290     AC: 46    Str: 35    XL:     26   Next: 37%
Magic:  18/18      EV: 25    Int: 17    God:    Jiyva [******]
Gold:   3783       SH: 24    Dex: 23    Spells: 25/25 levels left

rFire   + . .      SeeInvis .   y - +8 war axe of Roep {protect, rN+ Int+4}
rCold   + + .      Faith    .   d - +2 buckler of Sorcery {rC+ Int+3 Slay+3}
rNeg    + + .      Spirit   .   N - +15 plate armour of Misanthropy {Str+4 Stlth+}
rPois   +          Reflect  +   (helmet restricted)
rElec   .          Harm     .   E - scarf {rC+ rF+}
rCorr   +          Rampage  .   i - +0 pair of fencer's gloves {Riposte Dex+3}
Will    +++..                   (no boots)
Stlth   ..........              Z - amulet of reflection
HPRegen 1.60/turn               O - ring of the Slug {Drain rPois Str+4 Dex+6 Slay+2}
MPRegen 0.66/turn               n - +4 ring of slaying

@: about to teleport, under a protective aura
A: damage resistance, heal wounds, negative energy resistance 1, sense
surroundings 3, no regeneration, hooves 2, horns 1, iridescent scales 1, large
bone plates 2, weak 1, wild magic 3, acidic bite, tendrils, jelly sensing items,
jelly absorbing missiles
}: 4/15 runes: decaying, serpentine, slimy, silver
a: Heal Wounds, Renounce Religion, Oozemancy, Slimify


You were on level 5 of the Realm of Zot.
You worshipped Jiyva.
Jiyva was exalted by your worship.
You visited 13 branches of the dungeon, and saw 61 of its levels.
You visited 1 bazaar.
You also visited: Trove, Sewer, Bailey and Wizlab.

You collected 8325 gold pieces.
You spent 4542 gold pieces at shops.

Inventory:

Hand Weapons
 w - the +3 hand axe "Souseg" {spect, rC+ rN+ Will+ Str+4}
   (You took it off a wight on level 3 of the Crypt)

   When its wielder attacks, the weapon's spirit leaps out and strikes again.
   The spirit shares a part of any damage it takes with its wielder.
   Str:       It affects your strength (+4).
   rC:        It protects you from cold.
   rN:        It protects you from negative energy.
   Will:      It increases your willpower.
 y - the +8 war axe of Roep (weapon) {protect, rN+ Int+4}
   (You acquired it in a wizard's laboratory)

   It grants its wielder temporary protection when it strikes (+7 to AC).
   Int:       It affects your intelligence (+4).
   rN:        It protects you from negative energy.
 D - the +10 battleaxe of Bitau {freeze, *Slow rPois Will+ Dex+4}
   (You bought it in a shop on level 3 of the Dungeon)

   It freezes those it strikes, dealing additional cold damage.
   It can also slow down cold-blooded creatures.
   Dex:       It affects your dexterity (+4).
   rPois:     It protects you from poison.
   *Slow:     It may slow you when you take damage.
   Will:      It increases your willpower.
 I - a +5 battleaxe of electrocution
 K - the +8 great mace of Death's Door {speed, rElec rF+ rN+}
   (You found it on level 5 of the Pits of Slime)

   Attacks with this weapon are significantly faster.
   rF:        It protects you from fire.
   rElec:     It insulates you from electricity.
   rN:        It protects you from negative energy.
Missiles
 M - a throwing net
Armour
 a - the +3 pair of seven-league boots {Rampage+∞}
   (You found it in a treasure trove)

   Its wearer moves as far as possible in that direction when moving towards
   enemies.
 d - the +2 buckler of Sorcery (worn) {rC+ Int+3 Slay+3}
   (You found it on level 3 of the Snake Pit)

   Int:       It affects your intelligence (+3).
   Slay:      It affects your accuracy & damage with ranged weapons and melee
   (+3).
   rC:        It protects you from cold.
 i - the +0 pair of fencer's gloves (worn) {Riposte Dex+3}
   (You found it in a treasure trove)

   It allows the wearer to riposte with melee weapons, swiftly retaliating
   against missed attacks.
   Dex:       It affects your dexterity (+3).
 u - the +1 helmet of Negligence {rPois rF+ Regen+ Str-4}
   (You found it in a treasure trove)

   Str:       It affects your strength (-4).
   rF:        It protects you from fire.
   rPois:     It protects you from poison.
   Regen:     It increases your rate of health regeneration.
 E - a scarf of resistance (worn)
 N - the +15 plate armour of Misanthropy (worn) {Str+4 Stlth+}
   (You found it on level 5 of the Pits of Slime)

   Str:       It affects your strength (+4).
   Stlth:     It makes you more stealthy.
Jewellery
 l - a ring of flight
 n - a +4 ring of slaying (right hand)
 H - a ring of wizardry
 O - the ring of the Slug (left hand) {Drain rPois Str+4 Dex+6 Slay+2}
   (You found it on level 5 of the Pits of Slime)

   [ring of dexterity]

   Str:       It affects your strength (+4).
   Dex:       It affects your dexterity (+6).
   Slay:      It affects your accuracy & damage with ranged weapons and melee
   (+2).
   rPois:     It protects you from poison.
   Drain:     It drains your maximum health when unequipped.
 P - the ring "Dimpu" {rC+ Will+ Slay+4}
   (You took it off a deep elf death mage on level 3 of the Elven Halls)

   [ring of slaying]

   Slay:      It affects your accuracy & damage with ranged weapons and melee
   (+4).
   rC:        It protects you from cold.
   Will:      It increases your willpower.
 T - a ring of wizardry
 U - the ring "Xussimyku" {rC+ rN+}
   (You found it on level 3 of the Crypt)

   [ring of positive energy]

   rC:        It protects you from cold.
   rN:        It protects you from negative energy.
 Z - an amulet of reflection (around neck)
Wands
 k - a wand of iceblast (7)
 m - a wand of digging (1)
 x - a wand of polymorph (25)
Scrolls
 f - 16 scrolls of teleportation
 g - 3 scrolls of enchant weapon
 o - 2 scrolls of silence
 q - a scroll of magic mapping
 t - 5 scrolls of fear
 z - 5 scrolls of fog
 G - 7 scrolls of enchant armour
 Q - a scroll of brand weapon
 R - 4 scrolls of blinking
 S - a scroll of amnesia
 W - 3 scrolls of holy word
 X - a scroll of summoning
Potions
 b - 5 potions of ambrosia
 c - 3 potions of berserk rage
 e - 14 potions of curing
 h - 5 potions of haste
 j - 3 potions of brilliance
 p - a potion of resistance
 r - 15 potions of heal wounds
 s - 2 potions of lignification
 v - 7 potions of invisibility
 A - 4 potions of cancellation
 B - 6 potions of flight
 F - 2 potions of attraction
 J - 6 potions of might
 L - 3 potions of magic
Miscellaneous
 C - the horn of Geryon


   Skills:
 O Level 27 Fighting
 - Level 22.5 Axes
 - Level 22.7 Armour
 + Level 22.3 Dodging
 - Level 21.7 Shields


You had 25 spell levels left.
You didn't know any spells.
Your spell library contained the following spells:

 Spells                   Type           Power      Damage    Failure   Level
 Beastly Appendage        Tmut           0%         N/A       82%         1
 Foxfire                  Conj/Fire      0%         2x1d4     82%         1
 Magic Dart               Conj           0%         1d3       82%         1
 Pain                     Necr           0%         1d4       82%         1
 Slow                     Hex            0%         N/A       82%         1
 Sting                    Tmut/Pois      0%         1d3       82%         1
 Summon Small Mammal      Summ           0%         N/A       82%         1
 Call Imp                 Summ           0%         N/A       90%         2
 Corpse Rot               Necr/Air       0%         N/A       90%         2
 Poisonous Vapours        Pois/Air       0%         N/A       90%         2
 Static Discharge         Conj/Air       0%         N/A       90%         2
 Wereblood                Tmut           0%         N/A       90%         2
 Call Canine Familiar     Summ           0%         N/A       98%         3
 Confusing Touch          Hex            0%         N/A       98%         3
 Conjure Flame            Conj/Fire      0%         6-21      98%         3
 Dazzling Flash           Conj/Hex       0%         N/A       98%         3
 Frozen Ramparts          Ice            0%         1d2       98%         3
 Gell's Gravitas          Tloc           0%         N/A       98%         3
 Ignite Poison            Fire/Tmut/Pois 0%         N/A       98%         3
 Inner Flame              Hex/Fire       0%         N/A       98%         3
 Lesser Beckoning         Tloc           0%         N/A       98%         3
 Mephitic Cloud           Conj/Pois/Air  0%         N/A       98%         3
 Ozocubu's Armour         Ice            0%         N/A       98%         3
 Spider Form              Tmut/Pois      0%         N/A       98%         3
 Summon Guardian Golem    Hex/Summ       0%         N/A       98%         3
 Teleport Other           Tloc           0%         N/A       98%         3
 Tukima's Dance           Hex            0%         N/A       98%         3
 Vampiric Draining        Necr           0%         2d6       98%         3
 Anguish                  Hex/Necr       0%         N/A       100%        4
 Animate Dead             Necr           0%         N/A       100%        4
 Dispel Undead            Necr           0%         3d6       100%        4
 Ice Form                 Ice/Tmut       0%         N/A       100%        4
 Iskenderun's Mystic Bla  Conj/Tloc      0%         2d3       100%        4
 Leda's Liquefaction      Hex/Erth       0%         N/A       100%        4
 Olgreb's Toxic Radiance  Pois           0%         N/A       100%        4
 Passage of Golubria      Tloc           0%         N/A       100%        4
 Petrify                  Tmut/Erth      0%         N/A       100%        4
 Sticky Flame             Conj/Fire      0%         2d3       100%        4
 Summon Ice Beast         Ice/Summ       0%         N/A       100%        4
 Agony                    Necr           0%         N/A       100%        5
 Blade Hands              Tmut           0%         N/A       100%        5
 Borgnjor's Vile Clutch   Necr/Erth      0%         N/A       100%        5
 Excruciating Wounds      Necr           0%         N/A       100%        5
 Freezing Cloud           Conj/Ice/Air   0%         6-21      100%        5
 Iskenderun's Battlesphe  Conj           0%         2d6       100%        5
 Lee's Rapid Deconstruct  Erth           0%         3d5*      100%        5
 Metabolic Englaciation   Hex/Ice        0%         N/A       100%        5
 Summon Forest            Summ/Tloc      0%         N/A       100%        5
 Yara's Violent Unravell  Hex/Tmut       0%         3d3       100%        5
 Death Channel            Necr           0%         N/A       100%        6
 Dispersal                Tloc           0%         N/A       100%        6
 Eringya's Noxious Bog    Tmut/Pois      0%         N/A       100%        6
 Iron Shot                Conj/Erth      0%         9d1       100%        6
 Simulacrum               Ice/Necr       0%         N/A       100%        6
 Starburst                Conj/Fire      0%         6d3       100%        6
 Statue Form              Tmut/Erth      0%         N/A       100%        6
 Enfeeble                 Hex            0%         N/A       100%        7
 Ozocubu's Refrigeration  Ice            0%         4d5       100%        7
 Spellforged Servitor     Conj/Summ      0%         N/A       100%        7
 Summon Hydra             Summ           0%         N/A       100%        7
 Discord                  Hex            0%         N/A       100%        8
 Ignition                 Fire           0%         3d3       100%        8
 Necromutation            Tmut/Necr      0%         N/A       100%        8
 Polar Vortex             Ice            0%         N/A       100%        9


Dungeon Overview and Level Annotations

Branches:
Dungeon (15/15)            Temple (0/1) D:7            Lair (6/6) D:9
  Swamp (4/4) Lair:2        Snake (4/4) Lair:2        Slime (5/5) Lair:6
    Orc (2/2) D:12            Elf (3/3) Orc:2        Vaults (5/5) D:14
  Crypt (3/3) Vaults:3       Tomb (0/3) Crypt:3      Depths (4/4) D:15
   Hell (visited)             Dis (0/7) Hell            Geh (0/7) Hell
    Coc (4/7) Hell            Tar (0/7) Hell            Zot (5/5) Depths:4
  Sewer (visited)          Bailey (visited)          WizLab (visited)

Altars:
Ashenzari
Cheibriados
Fedhas
Makhleb
Qazlal
Sif Muna
Trog
Wu Jian
Yredelemnul
Zin
The Shining One
Jiyva
Lugonu

Shops:
D:2 *   D:3 (!(   D:4 :   Orc:2 **(?   Elf:3 *   Snake:1 =   Vaults:2 :
Vaults:5 ?!(![!   Depths:1 *(   Depths:3 (!(

Portals:
Hell: Depths:1 Depths:2 Depths:3 Depths:4
Abyss: Lair:6 Zot:1 Depths:3
Pandemonium: Depths:2 Depths:4
Ziggurat: Depths:2

Annotations:
D:6 2 transporters
D:12 2 transporters, Garym's ghost, journeyman MiBe
D:14 2 transporters, Jaliuk's ghost, journeyman DECj
D:15 3 runed translucent doors, Jussuw Iff's ghost, adept KoGl
Slime:5 Royal Jelly
Vaults:3 8 runed translucent doors, MCDelver's ghost, veteran DjCj
Zot:1 2 transporters, Isontomp's ghost, legendary GnFi


Innate Abilities, Weirdness & Mutations

You are resistant to damage.
You can heal yourself by infusing magical energy.
You resist negative energy. (rN+)
You passively map a large area around you.
You do not regenerate.
You have hoof-like feet.
You have a pair of small horns on your head.
You are partially covered in iridescent scales. (AC +2)
You are mostly covered in large bone plates. (SH +6)
You are weak. (Str -2)
Your spells are much harder to cast, but much more powerful.
You have acidic saliva.
You are covered in slimy tendrils that may disarm your opponents.
You have a small jelly attached to you that senses nearby items.
You have a small jelly attached to you that may absorb projectiles.


Message History

The sentinel's mark upon you fades away.
The orb of fire glows yellow.
The fireball explodes!
The fireball engulfs you!! You resist.
* * * LOW HITPOINT WARNING * * *
The fireball engulfs the orb of fire.
The orb of fire completely resists.
The fireball engulfs the orb of fire.
The orb of fire completely resists.
The orb of fire glows yellow.
The bolt of fire hits you!!! You resist.
* * * LOW HITPOINT WARNING * * *
The orb of fire glows red.
The bolt of fire hits the orb of fire.
The orb of fire completely resists.
The bolt of fire misses you.
A yellow draconian comes into view. It is wielding a +0 short sword.
You are too injured to fight recklessly!
You are too injured to fight recklessly!
You feel much better.
You are engulfed in blazing flames.
You resist.
A Killer Klown comes into view. It is wielding a +8 vorpal club.
You feel much better.
You are engulfed in blazing flames.
You resist.
The orb of fire glows bright magenta.
The fireball explodes!
The fireball engulfs you but does no damage.
The fireball engulfs the orb of fire.
The orb of fire completely resists.
The fireball engulfs the orb of fire.
The orb of fire completely resists.
The orb of fire emits a lurid red light.
The fireball explodes!
The fireball engulfs you but does no damage.
The fireball engulfs the orb of fire.
The orb of fire completely resists.
The fireball engulfs the orb of fire.
The orb of fire completely resists.
A yellow draconian comes into view. It is wielding a +0 halberd.
The orb of fire glows red.
The bolt of fire hits the orb of fire.
The orb of fire completely resists.
The bolt of fire misses you.
The orb of fire emits a lurid red light.
The bolt of fire hits you!!! You resist.
* * * LOW HITPOINT WARNING * * *
The orb of fire glows bright magenta.
The bolt of fire hits the orb of fire.
The orb of fire completely resists.
The bolt of fire hits the orb of fire.
The orb of fire completely resists.
The bolt of fire hits you!! You resist.
You die...

(........##...<.##..........#####
.###'##.##.......##...###...###..
.##...###.........#.#.#....)##...
##.....##.........+.#......##....
#.......'.........###............
J.......##..⌠....##.....##.#)....
........<##.....##.........†...[.
J........###...##.....###..##....
#J......## ####*@...####..####...
##.....## #*#..##........##..
*##▓▓▓▓########*########▓▓▓▓#####
, #....p.***......# * , ,,*
#...yqXXX.....## , , *
#...DXXDp....)# ,,^ ,
##..D........## , , ∆
#d..........# * , ,, ,
##...........## *,, ,,


You could see 5 orbs of fire, a tentacled monstrosity (berserk), 3 storm
dragons, a yellow draconian (wandering), 3 Orb Guardians and a red draconian
scorcher.

Vanquished Creatures
  An ancient lich (Coc:2)
  3 orbs of fire
  5 dread liches
  A juggernaut (Depths:2)
  Boris (Depths:4)
  Bai Suzhen (Swamp:3)
  A curse toe (Crypt:3)
  2 caustic shrikes (Depths:2)
  The ghost of Rauxtam the Unseen, a veteran HuFi of Xom (Depths:2)
  Geryon (Hell)
  14 golden dragons
  A bone dragon (Hell)
  A profane servitor (Crypt:3)
  2 Tzitzimimeh (Hell)
  4 doom hounds (Hell)
  5 electric golems
  An Ice Fiend (Coc:3)
  7 Orb Guardians (Zot:5)
  4 liches
  18 tentacled monstrosities
  Asterion (Depths:2)
  9 quicksilver dragons
  A walking frostbound tome (Depths:3)
  3 deep elf blademasters
  2 walking earthen tomes
  4 titans
  A walking divine tome (Depths:3)
  2 deep elf master archers (Elf:3)
  8 sphinxes
  3 death cobs
  10 ancient champions
  A thorn hunter (Swamp:4)
  11 shadow dragons
  Donald (Crypt:1)
  Kirke (Snake:3)
  9 storm dragons
  6 tengu reavers
  3 revenants
  4 draconian monks
  A fenstrider witch (Swamp:1)
  18 nagarajas
  8 fire giants
  4 draconian knights
  8 frost giants
  5 deep elf sorcerers
  3 narguns
  15 vault wardens
  5 draconian scorchers
  A shard shrike simulacrum (Coc:4)
  A curse skull (Crypt:3)
  A juggernaut zombie (D:15)
  A balrug (Depths:1)
  7 deep elf elementalists
  4 ghouls
  Louise (Snake:3)
  A draconian stormcaller (Depths:4)
  An iron dragon (Depths:3)
  9 ghost moths
  6 reapers
  Aizul (Snake:3)
  An orc warlord (Orc:1)
  A draconian annihilator (Zot:3)
  A spriggan defender (Depths:4)
  20 ironbound preservers
  5 war gargoyles
  3 demonspawn corrupters (WizLab)
  6 caustic shrike skeletons (Crypt:3)
  22 stone giants
  19 very ugly things
  13 vampire knights
  4 elemental wellsprings
  8 deep elf annihilators
  10 green draconians
  4 bunyips
  6 deep elf demonologists
  2 entropy weavers (WizLab)
  4 wendigos
  9 black draconians
  8 dire elephants
  3 white draconians
  A putrid mouth (Hell)
  Azrael (D:12)
  5 eleionomae
  4 purple draconians
  7 spark wasps
  6 red draconians
  2 pearl dragon zombies (Crypt:3)
  8 yellow draconians
  3 blizzard demons (Hell)
  5 eidola
  Snorg (Lair:5)
  11 ettins
  10 deep elf death magi
  6 deep elf high priests
  10 jiangshi
  8 yaktaur captains
  Fannar (Lair:3)
  28 vault guards
  9 fire dragons
  16 naga warriors
  2 quicksilver dragon skeletons (Crypt:3)
  A rakshasa (Depths:3)
  2 peacekeepers (Vaults:3)
  4 caustic shrike simulacra
  21 ice dragons
  6 spriggan air magi
  4 boulder beetles
  5 ironbound frosthearts
  2 death knights
  3 juggernaut simulacra
  23 hydras
  A ghost crab (Swamp:4)
  12 centaur warriors
  A catoblepas (Lair:6)
  A fenstrider witch skeleton (Crypt:2)
  3 ogre magi
  6 anacondas
  27 dancing weapons
  A merfolk aquamancer (WizLab)
  17 two-headed ogres
  6 alligators
  3 deep troll shamans
  7 deep troll earth magi
  6 tengu warriors
  5 vampire magi
  An orc high priest (Elf:1)
  8 shock serpents
  9 hell hogs
  16 naga sharpshooters
  4 thrashing horrors (Lair:6)
  9 spriggan berserkers
  A titan zombie (Crypt:2)
  4 sun demons
  4 titan skeletons
  19 skeletal warriors
  Nergalle (Lair:1)
  17 deep elf knights
  18 hell knights
  9 soul eaters
  A death drake (shapeshifter) (Vaults:4)
  A goliath frog (Swamp:1)
  2 shadow wraiths (Crypt:3)
  59 deep trolls
  6 salamander mystics
  2 quicksilver dragon simulacra
  7 iron trolls
  10 flayed ghosts
  6 naga ritualists
  A bunyip skeleton (Crypt:3)
  15 wizards
  A tengu zombie (Vaults:5)
  8 bog bodies
  7 spriggan druids
  A fenstrider witch simulacrum (Coc:2)
  Pikel (D:5)
  11 swamp dragons
  10 deep elf archers
  17 ironbound convokers
  15 lindwurms
  A sphinx zombie (Depths:1)
  23 deep elf pyromancers
  6 orc knights
  A shadow dragon zombie (Vaults:5)
  21 phantasmal warriors
  27 deep elf zephyrmancers
  6 mana vipers
  2 wolf spiders
  2 anaconda skeletons
  2 manticores
  5 harpies
  4 will-o-the-wisps
  9 cyclopes
  12 necromancers
  5 worldbinders (WizLab)
  44 ugly things
  A fire giant zombie (Vaults:1)
  3 orc sorcerers
  Maurice (D:8)
  3 iron dragon skeletons
  8 guardian serpents
  24 moths of wrath
  A moth of wrath (shapeshifter) (Depths:3)
  3 stone giant skeletons
  A frost giant skeleton (Depths:1)
  Joseph (D:7)
  3 rust devils
  9 elephants
  18 salamanders
  29 black mambas
  An elephant (shapeshifter) (Depths:3)
  5 smoke demons
  20 vault sentinels
  4 apis skeletons (Crypt:3)
  4 ice statues (Coc:3)
  17 naga magi
  A titan simulacrum (Coc:2)
  2 orange demons (Depths:2)
  A storm dragon simulacrum (Coc:1)
  5 unseen horrors
  Maggie (D:7)
  A dire elephant skeleton (Crypt:3)
  13 cane toads
  2 rime drakes
  A kobold demonologist (D:10)
  5 gargoyles
  8 komodo dragons
  9 hellions
  A yellow draconian zombie (Crypt:1)
  3 bunyip simulacra
  20 yaktaurs
  3 efreet
  7 freezing wraiths
  3 ice devils
  A golden dragon simulacrum (Coc:3)
  An alligator snapping turtle skeleton (Crypt:3)
  2 tengu conjurers
  2 anaconda simulacra
  2 red devils (Hell)
  4 tormentors
  A hellwing (Depths:4)
  2 ancient zymes (Lair:6)
  A death yak skeleton (Crypt:3)
  A troll (shapeshifter) (Lair:6)
  A meliai (shapeshifter) (D:14)
  6 polar bears
  6 tyrant leeches
  6 trolls
  A purple draconian skeleton (Crypt:3)
  A wind drake (shapeshifter) (Depths:3)
  A hornet (shapeshifter) (Elf:1)
  5 harpy skeletons
  A wolf spider simulacrum (D:15)
  18 hornets
  2 tarantellas (shapeshifter)
  An iron dragon simulacrum (Coc:4)
  2 meliai zombies
  21 blink frogs
  A human simulacrum (Vaults:1)
  A stone giant simulacrum (Coc:1)
  11 dream sheep
  5 air elementals
  3 vampires
  7 water elementals
  An ice dragon skeleton (Crypt:1)
  18 spriggans
  A spriggan (shapeshifter) (D:11)
  2 centaur simulacra
  A dire elephant simulacrum (Coc:1)
  A ynoxinul (Depths:4)
  6 large abominations
  21 yaks
  5 spriggan skeletons
  6 wyverns
  6 fire elementals
  6 wraiths
  12 vampire mosquitoes
  3 steam dragons
  12 basilisks
  3 hogs (Snake:3)
  9 chaos spawn
  A neqoxec (Depths:4)
  51 nagas
  Menkaure (D:5)
  6 wargs
  5 harpy simulacra
  21 swamp worms
  3 acid dragons (D:11)
  7 water moccasins
  Duvessa (D:5)
  A cane toad zombie (Crypt:2)
  6 hell hounds
  A sky beast (D:7)
  8 swamp drakes
  A deep troll skeleton (Crypt:3)
  A faun skeleton (Crypt:2)
  32 orc warriors
  A manticore zombie (Crypt:3)
  A lindwurm zombie (Crypt:1)
  4 black bears
  3 boggarts
  A merfolk simulacrum (Coc:1)
  5 necrophages
  17 centaurs
  An ettin simulacrum (Coc:1)
  A hornet zombie (Crypt:1)
  2 spriggan simulacra
  9 wolves
  2 human zombies
  9 ogres
  A phantom (D:7)
  4 lemures (D:5)
  9 small abominations
  A rime drake skeleton (Crypt:2)
  12 bullfrogs
  8 kobold brigands
  A gnoll sergeant (D:9)
  2 earth elementals
  4 naga simulacra
  A glowing shapeshifter simulacrum (Depths:1)
  A wyvern skeleton (Crypt:1)
  A palentonga skeleton (Crypt:1)
  A cyclops skeleton (Crypt:3)
  A queen bee zombie (Crypt:3)
  2 troll zombies (Swamp:3)
  3 troll skeletons
  2 electric eels
  A howler monkey (D:9)
  20 wights
  3 crimson imps (D:14)
  A lava snake (D:15)
  5 centaur zombies
  A hound (D:4)
  14 orc priests
  2 centaur skeletons
  2 gnoll shamans
  An iguana (D:4)
  15 hell rats (Hell)
  20 orc wizards
  An acid dragon zombie (Crypt:2)
  A dwarf skeleton (Crypt:3)
  12 gnolls
  6 adders
  A shadow imp (D:8)
  4 white imps (D:14)
  A halfling zombie (Crypt:3)
  An iguana zombie (Crypt:2)
  An adder skeleton (D:4)
  A halfling skeleton (Crypt:3)
  A worm (D:4)
  2 dart slugs
  59 orcs
  6 endoplasms
  4 giant cockroaches
  3 hobgoblins
  4 jackals (D:4)
  5 quokkas
  9 ball pythons
  8 bats
  3 frilled lizards
  A frilled lizard skeleton (Crypt:1)
  9 goblins
  27 kobolds
  An orc zombie (Crypt:3)
  5 rats
  A river rat skeleton (Crypt:1)
  4 fire vortices (Hell)
2180 creatures vanquished.

Vanquished Creatures (collateral kills)
  A deep elf sorcerer (Elf:3)
  A caustic shrike skeleton (Crypt:3)
  A wendigo (Coc:3)
  A harpy skeleton (Crypt:3)
  A bullfrog (Lair:1)
5 creatures vanquished.

Vanquished Creatures (others)
  A dread lich (Vaults:5)
  An azure jelly (Coc:2)
  A draconian knight (Zot:3)
  A frost giant (Vaults:3)
  A ghost moth (Zot:1)
  A deep elf elementalist (Elf:3)
  An ironbound preserver (Vaults:5)
  A quicksilver ooze (shapeshifter) (Vaults:5)
  An ironbound thunderhulk (Vaults:2)
  8 great orbs of eyes
  A stone giant (Vaults:3)
  A spark wasp (shapeshifter) (D:15)
  A yaktaur captain (Vaults:3)
  A deep elf high priest (Vaults:5)
  2 hydras
  A caustic shrike simulacrum (Coc:3)
  2 ironbound frosthearts (Vaults:3)
  An anaconda (Snake:3)
  A spriggan berserker (Swamp:3)
  A deep elf knight (Elf:3)
  2 death drakes (shapeshifter) (Vaults:5)
  5 glowing orange brains
  A spriggan simulacrum (Coc:2)
  3 wizards
  A swamp dragon (shapeshifter) (Vaults:5)
  A deep elf zephyrmancer (Elf:1)
  3 ugly things
  An elephant (shapeshifter) (Vaults:5)
  A vault sentinel (Vaults:3)
  2 black mambas
  A centaur zombie (D:11)
  A cane toad (Lair:3)
  2 yaktaurs
  A kobold demonologist (D:10)
  A tengu conjurer (Depths:2)
  A bloated husk (Swamp:3)
  A slime creature (shapeshifter) (D:15)
  39 slime creatures
  A raiju (shapeshifter) (D:9)
  A snapping turtle (shapeshifter) (Vaults:5)
  2 floating eyes (Depths:3)
  A water moccasin (D:8)
  2 floating eyes (shapeshifter)
  3 orc warriors
  An ice beast (D:7)
  4 wolves
  2 boggarts (D:15)
  A phantom (D:4)
  4 bullfrogs
  A scorpion (D:5)
  Dowan (D:5)
  An electric eel (Lair:4)
  2 jellies (shapeshifter)
  A crimson imp (D:14)
  277 jellies
  An orc priest (D:3)
  A centaur skeleton (D:5)
  2 hounds
  An iguana (shapeshifter) (D:15)
  An orc wizard (D:9)
  2 hound skeletons (D:4)
  A gnoll (D:8)
  An adder (Sewer)
  An adder skeleton (D:4)
  A worm (D:5)
  2 dart slugs
  10 orcs
  2 endoplasms (D:4)
  3 giant cockroaches
  A hobgoblin (D:4)
  4 quokkas (Sewer)
  4 ball pythons
  10 kobolds
  3 rats
  24 foxfires
  84 fungi
  144 plants
  14 withered plants (D:15)
718 creatures vanquished.

Grand Total: 2903 creatures vanquished

Notes
Turn   | Place    | Note
-------+----------+-------------------------------------------
     0 | D:1      | Shaddo5 the Deep Dwarf Fighter began the quest for the Orb.
     0 | D:1      | Reached XP level 1. HP: 20/20 MP: 1/1
   105 | D:1      | Reached XP level 2. HP: 9/27 MP: 2/2
   356 | D:1      | Reached skill level 3 in Fighting
   938 | D:2      | Reached XP level 3. HP: 21/34 MP: 3/3
  1064 | D:2      | Found a faded altar of an unknown god.
  1074 | D:2      | Prayed at the altar of an unknown god.
  1074 | D:2      | Became a worshipper of Jiyva Jacolack the Shapeless
  1074 | D:2      | Reached * piety under Jiyva
  1136 | D:2      | Found Gumuow's Assorted Antiques.
  1546 | D:3      | Found a snail-covered altar of Cheibriados.
  1550 | D:3      | Found Ceirrom's Antique Weapon Shop.
  1557 | D:3      | Reached ** piety under Jiyva
  1591 | D:3      | Found Cataot's Distillery.
  1599 | D:3      | Bought a potion of curing for 39 gold pieces
  1675 | D:3      | Found Vemuxkava's Antique Weapon Emporium.
  1776 | D:3      | HP: 1/34 [orc priest/divine providence (11)]
  1783 | D:3      | Reached XP level 4. HP: 15/42 MP: 4/4
  1871 | D:3      | Found a blossoming altar of Fedhas.
  2244 | D:3      | Found a stormy altar of Qazlal.
  2286 | D:4      | Noticed a water moccasin
  2299 | D:4      | Killed a water moccasin
  2300 | D:4      | Reached skill level 5 in Axes
  2300 | D:4      | Reached XP level 5. HP: 31/49 MP: 5/5
  2372 | D:4      | Reached XP level 6. HP: 56/56 MP: 6/6
  2472 | D:4      | Reached XP level 7. HP: 51/62 MP: 7/7
  2498 | D:4      | Reached *** piety under Jiyva
  2536 | D:4      | Found a glowing golden altar of the Shining One.
  2598 | D:4      | You fall into a shaft and drop 3 floors!
  2611 | D:7      | Gained mutation: You are strong-willed. (Will+) [Jiyva's
                  | grace]
  2611 | D:7      | Gained mutation: You are highly strong-willed. (Will++)
                  | [Jiyva's grace]
  2611 | D:7      | Gained mutation: You are extremely strong-willed. (Will+++)
                  | [Jiyva's grace]
  2611 | D:7      | Gained mutation: You have sharp toenails. [Jiyva's grace]
  2612 | D:7      | Noticed Maggie
  2652 | D:5      | Entered Level 5 of the Dungeon
  2657 | D:5      | Noticed Pikel
  2659 | D:5      | Noticed Menkaure
  2666 | D:5      | Killed Pikel
  2666 | D:5      | Killed Menkaure
  2667 | D:5      | Reached skill level 10 in Axes
  2667 | D:5      | Reached XP level 8. HP: 54/69 MP: 8/8
  2698 | D:5      | Reached skill level 1 in Dodging
  3030 | D:5      | Found a glowing drain.
  3039 | Sewer    | Entered a sewer
  3051 | Sewer    | Reached skill level 5 in Armour
  3489 | D:5      | Killed Dowan
  3493 | D:5      | Noticed Duvessa
  3497 | D:5      | Killed Duvessa
  3511 | D:5      | Reached **** piety under Jiyva
  3671 | D:4      | Identified the +7 chain mail "Odghudauts" {Regen+ Int+4}
  3811 | D:4      | Found Dab Awac's Book Shop.
  4091 | D:6      | Found a transporter.
  4097 | D:6      | Found a transporter.
  4137 | D:6      | Reached skill level 4 in Fighting
  4230 | D:6      | Lost mutation: You have sharp toenails. [Jiyva's grace]
  4230 | D:6      | Gained mutation: Your mind is acute. (Int +2) [Jiyva's
                  | grace]
  4230 | D:6      | Gained mutation: Your mind is very acute. (Int +4) [Jiyva's
                  | grace]
  4230 | D:6      | Gained mutation: Your translucent skin slightly reduces
                  | your foes' accuracy. (Stealth+) [Jiyva's grace]
  4230 | D:6      | Gained mutation: Your translucent skin reduces your foes'
                  | accuracy. (Stealth+) [Jiyva's grace]
  4405 | D:6      | Identified the +4 trident "Pyirr" {elec, +Blink rPois rF+
                  | Str-3}
  4405 | D:6      | Identified the +4 ring mail of Mezcal {rCorr}
  4466 | D:6      | Reached ***** piety under Jiyva
  4594 | D:7      | Killed Maggie
  4595 | D:7      | Gained mutation: You passively map the area around you.
                  | [Deep Dwarf growth]
  4595 | D:7      | Reached XP level 9. HP: 76/79 MP: 9/9
  4625 | D:7      | Noticed Joseph
  4660 | D:7      | Killed Joseph
  4685 | D:7      | Reached skill level 5 in Shields
  4692 | D:7      | Found a staircase to the Ecumenical Temple.
  4841 | D:7      | Reached skill level 5 in Fighting
  4977 | D:7      | Found a bloodstained altar of Trog.
  4986 | D:7      | Found a broken altar of Ashenzari.
  5425 | D:8      | Noticed Maurice
  5443 | D:8      | Killed Maurice
  5494 | D:8      | Reached XP level 10. HP: 91/91 MP: 10/10
  5504 | D:8      | Reached skill level 6 in Fighting
  5532 | D:8      | Found a shimmering blue altar of Sif Muna.
  5728 | D:8      | Found a flagged portal.
  5739 | Bailey   | Entered a bailey
  5791 | D:8      | Lost mutation: Your mind is very acute. (Int +4) [Jiyva's
                  | grace]
  5791 | D:8      | Lost mutation: You are extremely strong-willed. (Will+++)
                  | [Jiyva's grace]
  5791 | D:8      | Gained mutation: Your rubbery body absorbs attacks. (AC +1,
                  | EV +1) [Jiyva's grace]
  5791 | D:8      | Gained mutation: Your pliable body absorbs attacks. (AC +2,
                  | EV +2) [Jiyva's grace]
  5791 | D:8      | Gained mutation: Your gelatinous body deflects attacks. (AC
                  | +3, EV +3) [Jiyva's grace]
  5791 | D:8      | Gained mutation: You are resistant to electric shocks.
                  | (rElec) [Jiyva's grace]
  6181 | D:8      | Found a glowing silver altar of Zin.
  6309 | D:9      | Noticed a two-headed ogre
  6319 | D:9      | Killed a two-headed ogre
  6331 | D:9      | Found a staircase to the Lair.
  6361 | D:9      | Identified the +1 pair of gloves of Context {Contam Int+10}
  6400 | D:9      | Noticed a cyclops
  6415 | D:9      | Killed a cyclops
  6477 | D:9      | Reached ****** piety under Jiyva
  6493 | D:9      | Noticed a centaur warrior
  6505 | D:9      | Killed a centaur warrior
  6506 | D:9      | Reached skill level 7 in Fighting
  6542 | D:9      | Noticed a two-headed ogre
  6555 | D:9      | Killed a two-headed ogre
  6556 | D:9      | Reached skill level 10 in Armour
  6826 | D:9      | Noticed a wizard
  6850 | D:9      | Killed a wizard
  6886 | D:9      | Noticed a skeletal warrior
  6907 | D:9      | Killed a skeletal warrior
  6908 | D:9      | Reached skill level 8 in Fighting
  6908 | D:9      | Reached XP level 11. HP: 83/103 MP: 11/11
  6926 | D:9      | Noticed a purple ugly thing
  6944 | D:9      | Killed a purple ugly thing
  7130 | Lair:1   | Entered Level 1 of the Lair of Beasts
  7557 | Lair:1   | Lost mutation: You are highly strong-willed. (Will++)
                  | [Jiyva's grace]
  7557 | Lair:1   | Lost mutation: You are resistant to electric shocks.
                  | (rElec) [Jiyva's grace]
  7557 | Lair:1   | Lost mutation: Your gelatinous body deflects attacks. (AC
                  | +3, EV +3) [Jiyva's grace]
  7557 | Lair:1   | Lost mutation: Your translucent skin reduces your foes'
                  | accuracy. (Stealth+) [Jiyva's grace]
  7557 | Lair:1   | Gained mutation: You are agile. (Dex +2) [Jiyva's grace]
  7557 | Lair:1   | Gained mutation: You are very agile. (Dex +4) [Jiyva's
                  | grace]
  7557 | Lair:1   | Gained mutation: You have acidic saliva. [Jiyva's grace]
  7557 | Lair:1   | Gained mutation: Your melee attacks may engulf your foes in
                  | ooze. [Jiyva's grace]
  8073 | Lair:1   | Reached skill level 9 in Fighting
  8122 | Lair:1   | Noticed Nergalle
  8133 | Lair:1   | Killed Nergalle
  8562 | Lair:2   | Found a staircase to the Snake Pit.
  8577 | Lair:2   | Lost mutation: You are very agile. (Dex +4) [Jiyva's grace]
  8577 | Lair:2   | Lost mutation: Your melee attacks may engulf your foes in
                  | ooze. [Jiyva's grace]
  8577 | Lair:2   | Gained mutation: Your translucent skin reduces your foes'
                  | accuracy. (Stealth+) [Jiyva's grace]
  8577 | Lair:2   | Gained mutation: Your transparent skin significantly
                  | reduces your foes' accuracy. (Stealth+) [Jiyva's grace]
  8577 | Lair:2   | Gained mutation: You have a pair of small antennae on your
                  | head. [Jiyva's grace]
  8577 | Lair:2   | Gained mutation: You have a pair of antennae on your head.
                  | [Jiyva's grace]
  8883 | Lair:2   | Found a staircase to the Swamp.
  9105 | Lair:3   | Noticed Fannar
  9123 | Lair:3   | Killed Fannar
  9187 | Lair:3   | Noticed an eight-headed hydra
  9793 | Lair:3   | Noticed a four-headed hydra
  9832 | Lair:3   | Killed a four-headed hydra
 10061 | Lair:3   | Reached XP level 12. HP: 115/115 MP: 12/12
 10374 | Lair:3   | Killed an eight-headed hydra
 10576 | D:10     | Entered Level 10 of the Dungeon
 10696 | D:10     | Lost mutation: You have acidic saliva. [Jiyva's grace]
 10696 | D:10     | Lost mutation: Your transparent skin significantly reduces
                  | your foes' accuracy. (Stealth+) [Jiyva's grace]
 10696 | D:10     | Gained mutation: You have a somewhat thin skeletal
                  | structure. (Dex +2, Stealth+) [Jiyva's grace]
 10696 | D:10     | Gained mutation: You have a moderately thin skeletal
                  | structure. (Dex +4, Stealth++) [Jiyva's grace]
 10696 | D:10     | Gained mutation: You have an unnaturally thin skeletal
                  | structure. (Dex +6, Stealth+++) [Jiyva's grace]
 10696 | D:10     | Gained mutation: You are covered in slimy tendrils that may
                  | disarm your opponents. [Jiyva's grace]
 10828 | D:10     | Found the necklace of Bloodlust {*Rage Will++ Int-3 Slay+6}
 10928 | D:10     | Reached skill level 10 in Fighting
 11601 | D:11     | Noticed an eight-headed hydra
 11813 | D:3      | Bought a smoking battleaxe for 310 gold pieces
 11813 | D:3      | Identified the +10 battleaxe of Bitau {freeze, *Slow rPois
                  | Will+ Dex+4} (You bought it in a shop on level 3 of the
                  | Dungeon)
 12020 | D:11     | Noticed a two-headed ogre
 12024 | D:11     | Killed a two-headed ogre
 12025 | D:11     | Reached skill level 10 in Shields
 12052 | D:11     | Noticed a boulder beetle
 12052 | D:11     | Noticed a storm dragon
 12063 | D:11     | Killed a storm dragon
 12071 | D:11     | Noticed a tengu warrior
 12084 | D:11     | Killed a tengu warrior
 12102 | D:11     | Killed a boulder beetle
 12133 | D:11     | Identified the ring "Deohem" {rC+ Int+7 Dex+4}
 12295 | D:11     | Reached XP level 13. HP: 124/124 MP: 13/13
 12418 | D:11     | Lost mutation: You have an unnaturally thin skeletal
                  | structure. (Dex +6, Stealth+++) [Jiyva's grace]
 12418 | D:11     | Lost mutation: You have a moderately thin skeletal
                  | structure. (Dex +4, Stealth++) [Jiyva's grace]
 12418 | D:11     | Lost mutation: You are strong-willed. (Will+) [Jiyva's
                  | grace]
 12418 | D:11     | Lost mutation: Your translucent skin reduces your foes'
                  | accuracy. (Stealth+) [Jiyva's grace]
 12418 | D:11     | Gained mutation: Your translucent skin reduces your foes'
                  | accuracy. (Stealth+) [Jiyva's grace]
 12418 | D:11     | Gained mutation: Your transparent skin significantly
                  | reduces your foes' accuracy. (Stealth+) [Jiyva's grace]
 12418 | D:11     | Gained mutation: Your gelatinous body deflects attacks. (AC
                  | +3, EV +3) [Jiyva's grace]
 12418 | D:11     | Gained mutation: You are partially covered in iridescent
                  | scales. (AC +2) [Jiyva's grace]
 12657 | D:11     | Got the Handbook of Freezing Sinister Secrets
 12909 | Lair:4   | Reached skill level 11 in Fighting
 13719 | Lair:5   | Lost mutation: You have a pair of antennae on your head.
                  | [Jiyva's grace]
 13719 | Lair:5   | Lost mutation: You have a somewhat thin skeletal structure.
                  | (Dex +2, Stealth+) [Jiyva's grace]
 13719 | Lair:5   | Gained mutation: You are mostly covered in iridescent
                  | scales. (AC +4) [Jiyva's grace]
 13719 | Lair:5   | Gained mutation: You are completely covered in iridescent
                  | scales. (AC +6) [Jiyva's grace]
 13719 | Lair:5   | Gained mutation: Your melee attacks may engulf your foes in
                  | ooze. [Jiyva's grace]
 13719 | Lair:5   | Gained mutation: You have large cloven feet. [Jiyva's
                  | grace]
 13820 | Lair:5   | Noticed Snorg
 13833 | Lair:5   | Killed Snorg
 14319 | Lair:6   | Entered Level 6 of the Lair of Beasts
 14389 | Lair:6   | Found a viscous altar of Jiyva.
 14390 | Lair:6   | Found a staircase to the Slime Pits.
 14624 | Lair:6   | Gained mutation: You resist negative energy. (rN+) [Deep
                  | Dwarf growth]
 14624 | Lair:6   | Reached XP level 14. HP: 98/136 MP: 14/14
 14801 | Lair:6   | Reached skill level 12 in Fighting
 14913 | Lair:6   | Found a corrupted altar of Lugonu.
 14913 | Lair:6   | Found a one-way gate to the infinite horrors of the Abyss.
 15043 | Lair:6   | Lost mutation: Your gelatinous body deflects attacks. (AC
                  | +3, EV +3) [Jiyva's grace]
 15043 | Lair:6   | Gained mutation: You have a somewhat thin skeletal
                  | structure. (Dex +2, Stealth+) [Jiyva's grace]
 15043 | Lair:6   | Gained mutation: You have a moderately thin skeletal
                  | structure. (Dex +4, Stealth++) [Jiyva's grace]
 15043 | Lair:6   | Gained mutation: You have an unnaturally thin skeletal
                  | structure. (Dex +6, Stealth+++) [Jiyva's grace]
 15043 | Lair:6   | Gained mutation: Your body has grown eyes which may confuse
                  | attackers. (Acc +3) [Jiyva's grace]
 15255 | Slime:1  | Entered Level 1 of the Pits of Slime
 15275 | Slime:1  | Noticed an acid blob
 15280 | Slime:2  | Noticed an acid blob
 15281 | Slime:2  | Noticed an azure jelly
 15287 | Slime:3  | Noticed an azure jelly
 15297 | Slime:4  | Noticed an azure jelly
 15302 | Slime:5  | Entered Level 5 of the Pits of Slime
 15303 | Slime:5  | Noticed a quicksilver ooze
 15305 | Slime:5  | Noticed an acid blob
 15308 | Slime:5  | Noticed an azure jelly
 15313 | Slime:5  | Noticed an acid blob
 15317 | Slime:5  | Found a viscous altar of Jiyva.
 15317 | Slime:5  | Noticed a rockslime
 15319 | Slime:5  | Noticed a quicksilver ooze
 15319 | Slime:5  | Noticed the Royal Jelly
 15321 | Slime:5  | Identified the +8 great mace of Death's Door {speed, rElec
                  | rF+ rN+}
 15324 | Slime:5  | Noticed a rockslime
 15324 | Slime:5  | Noticed a rockslime
 15325 | Slime:5  | Noticed an acid blob
 15326 | Slime:5  | Noticed an azure jelly
 15330 | Slime:5  | Got a slimy rune of Zot
 15331 | Slime:5  | Identified the +15 plate armour of Misanthropy {Str+4
                  | Stlth+}
 15331 | Slime:5  | Noticed an acid blob
 15336 | Slime:5  | Noticed an azure jelly
 15342 | Slime:5  | Identified the ring of the Slug {Drain rPois Str+4 Dex+6
                  | Slay+2}
 15389 | Slime:5  | Noticed a quicksilver ooze
 15399 | Slime:5  | Noticed an acid blob
 15400 | Slime:5  | Noticed an acid blob
 15433 | Slime:4  | Noticed an acid blob
 15451 | Slime:2  | Noticed an azure jelly
 15950 | D:12     | Reached skill level 15 in Armour
 15994 | D:12     | Found a staircase to the Orcish Mines.
 16059 | D:12     | Found a transporter.
 16062 | D:12     | Found a transporter.
 16062 | D:12     | Noticed Garym's ghost (journeyman MiBe)
 16767 | D:13     | Lost mutation: You have an unnaturally thin skeletal
                  | structure. (Dex +6, Stealth+++) [Jiyva's grace]
 16767 | D:13     | Lost mutation: Your transparent skin significantly reduces
                  | your foes' accuracy. (Stealth+) [Jiyva's grace]
 16767 | D:13     | Gained mutation: You are robust. (+10% HP) [Jiyva's grace]
 16767 | D:13     | Gained mutation: You are very robust. (+20% HP) [Jiyva's
                  | grace]
 16767 | D:13     | Gained mutation: You are extremely robust. (+30% HP)
                  | [Jiyva's grace]
 16767 | D:13     | Gained mutation: Your system is resistant to poisons.
                  | (rPois) [Jiyva's grace]
 17371 | D:14     | Found a transporter.
 17371 | D:14     | Noticed a storm dragon
 17416 | D:14     | Noticed a frost giant
 17431 | D:14     | Reached skill level 15 in Axes
 17821 | D:14     | Reached XP level 15. HP: 172/189 MP: 15/15
 17908 | D:14     | Found a portal to a secret trove of treasure.
 17946 | D:14     | Found a transporter.
 17949 | D:14     | Noticed Jaliuk's ghost (journeyman DECj)
 18018 | D:14     | Reached skill level 13 in Fighting
 18024 | D:14     | Found a gate to the Vaults.
 18106 | D:15     | Entered Level 15 of the Dungeon
 18225 | D:15     | Lost mutation: You are completely covered in iridescent
                  | scales. (AC +6) [Jiyva's grace]
 18225 | D:15     | Lost mutation: You have a moderately thin skeletal
                  | structure. (Dex +4, Stealth++) [Jiyva's grace]
 18225 | D:15     | Lost mutation: Your mind is acute. (Int +2) [Jiyva's grace]
 18225 | D:15     | Lost mutation: Your pliable body absorbs attacks. (AC +2,
                  | EV +2) [Jiyva's grace]
 18225 | D:15     | Lost mutation: You are covered in slimy tendrils that may
                  | disarm your opponents. [Jiyva's grace]
 18225 | D:15     | Gained mutation: Your transparent skin significantly
                  | reduces your foes' accuracy. (Stealth+) [Jiyva's grace]
 18225 | D:15     | Gained mutation: Armour fits poorly on your pseudopods.
                  | [Jiyva's grace]
 18225 | D:15     | Gained mutation: Armour fits poorly on your large
                  | pseudopods. [Jiyva's grace]
 18225 | D:15     | Gained mutation: Armour fits poorly on your massive
                  | pseudopods. [Jiyva's grace]
 18286 | D:15     | Found a staircase to the Depths.
 18677 | D:15     | Found a runed translucent gate.
 18677 | D:15     | Found a runed translucent gate.
 18677 | D:15     | Found a runed translucent gate.
 18883 | D:15     | Found a runed translucent gate.
 18883 | D:15     | Found a runed translucent gate.
 18887 | D:15     | Found a runed translucent gate.
 18887 | D:15     | Noticed Jussuw Iff's ghost (adept KoGl)
 18887 | D:15     | Noticed a tentacled monstrosity
 18996 | D:12     | Noticed Azrael
 19000 | D:12     | Killed Azrael
 19014 | Orc:1    | Entered Level 1 of the Orcish Mines
 19184 | Orc:2    | Entered Level 2 of the Orcish Mines
 19216 | Orc:2    | Noticed an orc warlord
 19272 | Orc:1    | Killed an orc warlord
 19442 | Orc:2    | Found a staircase to the Elven Halls.
 19561 | Orc:2    | Lost mutation: You have a somewhat thin skeletal structure.
                  | (Dex +2, Stealth+) [Jiyva's grace]
 19561 | Orc:2    | Lost mutation: You are extremely robust. (+30% HP) [Jiyva's
                  | grace]
 19561 | Orc:2    | Lost mutation: Your rubbery body absorbs attacks. (AC +1,
                  | EV +1) [Jiyva's grace]
 19561 | Orc:2    | Lost mutation: Armour fits poorly on your massive
                  | pseudopods. [Jiyva's grace]
 19561 | Orc:2    | Lost mutation: Your transparent skin significantly reduces
                  | your foes' accuracy. (Stealth+) [Jiyva's grace]
 19561 | Orc:2    | Gained mutation: You have acidic saliva. [Jiyva's grace]
 19561 | Orc:2    | Gained mutation: You are resistant to electric shocks.
                  | (rElec) [Jiyva's grace]
 19561 | Orc:2    | Gained mutation: Armour fits poorly on your massive
                  | pseudopods. [Jiyva's grace]
 19561 | Orc:2    | Gained mutation: You have a small jelly attached to you
                  | that may absorb projectiles. [Jiyva's grace]
 19737 | Orc:2    | Found Kangoena's Antique Weapon Shop.
 19737 | Orc:2    | Found Maramyc's General Store.
 19739 | Orc:2    | Found Vobbyxt's Assorted Antiques.
 19741 | Orc:2    | Found Ymorikh's Magic Scroll Boutique.
 20345 | Vaults:1 | Entered Level 1 of the Vaults
 20359 | Vaults:1 | Noticed a deep elf sorcerer
 20359 | Vaults:1 | Noticed a deep elf sorcerer
 20366 | Vaults:1 | Killed a deep elf sorcerer
 20368 | Vaults:1 | Killed a deep elf sorcerer
 20436 | Vaults:1 | Reached skill level 15 in Shields
 20438 | Vaults:1 | Reached XP level 16. HP: 151/189 MP: 16/16
 20512 | Vaults:1 | Reached skill level 14 in Fighting
 20932 | Vaults:1 | Lost mutation: You have a pair of small antennae on your
                  | head. [Jiyva's grace]
 20932 | Vaults:1 | Lost mutation: You have acidic saliva. [Jiyva's grace]
 20932 | Vaults:1 | Lost mutation: Your body has grown eyes which may confuse
                  | attackers. (Acc +3) [Jiyva's grace]
 20932 | Vaults:1 | Lost mutation: Your translucent skin reduces your foes'
                  | accuracy. (Stealth+) [Jiyva's grace]
 20932 | Vaults:1 | Gained mutation: Your muscles are strong. (Str +2) [Jiyva's
                  | grace]
 20932 | Vaults:1 | Gained mutation: Your muscles are very strong. (Str +4)
                  | [Jiyva's grace]
 20932 | Vaults:1 | Gained mutation: You have a small jelly attached to you
                  | that senses nearby items. [Jiyva's grace]
 20932 | Vaults:1 | Gained mutation: You have acidic saliva. [Jiyva's grace]
 21942 | Vaults:2 | Lost mutation: Your system is resistant to poisons. (rPois)
                  | [Jiyva's grace]
 21942 | Vaults:2 | Lost mutation: You are very robust. (+20% HP) [Jiyva's
                  | grace]
 21942 | Vaults:2 | Lost mutation: Armour fits poorly on your massive
                  | pseudopods. [Jiyva's grace]
 21942 | Vaults:2 | Lost mutation: Armour fits poorly on your large pseudopods.
                  | [Jiyva's grace]
 21942 | Vaults:2 | Gained mutation: You are covered in slimy tendrils that may
                  | disarm your opponents. [Jiyva's grace]
 21942 | Vaults:2 | Gained mutation: Your rubbery body absorbs attacks. (AC +1,
                  | EV +1) [Jiyva's grace]
 21942 | Vaults:2 | Gained mutation: Your pliable body absorbs attacks. (AC +2,
                  | EV +2) [Jiyva's grace]
 21942 | Vaults:2 | Gained mutation: Your gelatinous body deflects attacks. (AC
                  | +3, EV +3) [Jiyva's grace]
 22329 | Vaults:2 | Found Hewky's Book Shoppe.
 22677 | Vaults:3 | Reached XP level 17. HP: 184/184 MP: 17/17
 22716 | Vaults:3 | Reached skill level 15 in Fighting
 22724 | Vaults:3 | Found a gateway to a bazaar.
 22793 | Vaults:3 | Found a large runed translucent door.
 22793 | Vaults:3 | Found a large runed translucent door.
 22793 | Vaults:3 | Found a large runed translucent door.
 22793 | Vaults:3 | Found a large runed translucent door.
 22793 | Vaults:3 | Found a large runed translucent door.
 22793 | Vaults:3 | Found a large runed translucent door.
 22793 | Vaults:3 | Found a large runed translucent door.
 22793 | Vaults:3 | Found a large runed translucent door.
 22793 | Vaults:3 | Noticed MCDelver's ghost (veteran DjCj)
 22959 | Vaults:3 | Found a staircase to the Crypt.
 23040 | Vaults:3 | Lost mutation: You are mostly covered in iridescent scales.
                  | (AC +4) [Jiyva's grace]
 23040 | Vaults:3 | Lost mutation: You are agile. (Dex +2) [Jiyva's grace]
 23040 | Vaults:3 | Lost mutation: Your muscles are very strong. (Str +4)
                  | [Jiyva's grace]
 23040 | Vaults:3 | Lost mutation: Armour fits poorly on your pseudopods.
                  | [Jiyva's grace]
 23040 | Vaults:3 | Lost mutation: Your translucent skin slightly reduces your
                  | foes' accuracy. (Stealth+) [Jiyva's grace]
 23040 | Vaults:3 | Gained mutation: You are partially covered in large bone
                  | plates. (SH +4) [Jiyva's grace]
 23040 | Vaults:3 | Gained mutation: You are mostly covered in large bone
                  | plates. (SH +6) [Jiyva's grace]
 23040 | Vaults:3 | Gained mutation: You are completely covered in large bone
                  | plates. (SH +8) [Jiyva's grace]
 23040 | Vaults:3 | Gained mutation: Your translucent skin slightly reduces
                  | your foes' accuracy. (Stealth+) [Jiyva's grace]
 23546 | Bazaar   | Entered a bazaar
 23573 | Bazaar   | Found Emnokh's Antique Armour Emporium.
 23573 | Bazaar   | Found Cothroull's Book Shoppe.
 23586 | Bazaar   | Found Quqic Ped's Distillery.
 23586 | Bazaar   | Found Fosku's Armour Shoppe.
 23599 | Bazaar   | Found Mirr's Assorted Antiques.
 23599 | Bazaar   | Found Ruhod's Distillery.
 23727 | Bazaar   | Bought a pitted tin amulet for 125 gold pieces
 23727 | Bazaar   | Identified the amulet "Pamner" {Spirit Harm rElec rF+} (You
                  | bought it in a shop in a bazaar)
 23741 | Bazaar   | Bought a potion of heal wounds for 85 gold pieces
 23741 | Bazaar   | Bought a potion of heal wounds for 85 gold pieces
 23741 | Bazaar   | Bought a potion of heal wounds for 85 gold pieces
 23741 | Bazaar   | Bought a potion of heal wounds for 85 gold pieces
 23767 | Bazaar   | Bought a glowing scarf for 216 gold pieces
 24469 | Vaults:4 | Gained mutation: You passively map a large area around you.
                  | [Deep Dwarf growth]
 24469 | Vaults:4 | Reached XP level 18. HP: 199/199 MP: 18/18
 24880 | Vaults:5 | Entered Level 5 of the Vaults
 25233 | Snake:1  | Entered Level 1 of the Snake Pit
 25405 | Snake:1  | Lost mutation: You are completely covered in large bone
                  | plates. (SH +8) [Jiyva's grace]
 25405 | Snake:1  | Lost mutation: You are robust. (+10% HP) [Jiyva's grace]
 25405 | Snake:1  | Lost mutation: Your gelatinous body deflects attacks. (AC
                  | +3, EV +3) [Jiyva's grace]
 25405 | Snake:1  | Gained mutation: Your translucent skin reduces your foes'
                  | accuracy. (Stealth+) [Jiyva's grace]
 25405 | Snake:1  | Gained mutation: Your transparent skin significantly
                  | reduces your foes' accuracy. (Stealth+) [Jiyva's grace]
 25405 | Snake:1  | Gained mutation: Armour fits poorly on your pseudopods.
                  | [Jiyva's grace]
 25405 | Snake:1  | Gained mutation: Armour fits poorly on your large
                  | pseudopods. [Jiyva's grace]
 25427 | Snake:1  | Reached skill level 16 in Fighting
 25687 | Snake:1  | Found Zacawkus's One-of-a-Kind Rings.
 26151 | Snake:2  | Found an ornate altar of the Wu Jian Council.
 26714 | Snake:3  | Noticed Aizul
 26728 | Snake:3  | Killed Aizul
 26768 | Snake:3  | Identified the +2 buckler of Sorcery {rC+ Int+3 Slay+3}
 26876 | Snake:3  | Noticed Kirke
 26885 | Snake:3  | Killed Kirke
 26941 | Snake:3  | Lost mutation: You are mostly covered in large bone plates.
                  | (SH +6) [Jiyva's grace]
 26941 | Snake:3  | Lost mutation: Your pliable body absorbs attacks. (AC +2,
                  | EV +2) [Jiyva's grace]
 26941 | Snake:3  | Lost mutation: Armour fits poorly on your large pseudopods.
                  | [Jiyva's grace]
 26941 | Snake:3  | Lost mutation: Your transparent skin significantly reduces
                  | your foes' accuracy. (Stealth+) [Jiyva's grace]
 26941 | Snake:3  | Gained mutation: Your spells are a little harder to cast,
                  | but a little more powerful. [Jiyva's grace]
 26941 | Snake:3  | Gained mutation: Your spells are harder to cast, but more
                  | powerful. [Jiyva's grace]
 26941 | Snake:3  | Gained mutation: Your spells are much harder to cast, but
                  | much more powerful. [Jiyva's grace]
 26941 | Snake:3  | Gained mutation: You have hoof-like feet. [Jiyva's grace]
 27004 | Snake:3  | Noticed Louise
 27009 | Snake:3  | Identified the +6 mace of the Wizarding Stork {vorpal,
                  | Will+ Int+4 Dex+4}
 27017 | Snake:3  | Killed Louise
 27607 | Snake:4  | Entered Level 4 of the Snake Pit
 28004 | Snake:4  | Reached XP level 19. HP: 165/190 MP: 19/19
 28485 | Snake:4  | Reached skill level 17 in Fighting
 28596 | Snake:4  | Got a serpentine rune of Zot
 28897 | Swamp:1  | Entered Level 1 of the Swamp
 29434 | Swamp:1  | Identified the +6 spear of the Purse {vorpal, Dex+6}
 29628 | Swamp:2  | Lost mutation: You have hoof-like feet. [Jiyva's grace]
 29628 | Swamp:2  | Lost mutation: Your translucent skin reduces your foes'
                  | accuracy. (Stealth+) [Jiyva's grace]
 29628 | Swamp:2  | Lost mutation: You have a small jelly attached to you that
                  | may absorb projectiles. [Jiyva's grace]
 29628 | Swamp:2  | Lost mutation: Your melee attacks may engulf your foes in
                  | ooze. [Jiyva's grace]
 29628 | Swamp:2  | Gained mutation: Armour fits poorly on your large
                  | pseudopods. [Jiyva's grace]
 29628 | Swamp:2  | Gained mutation: Armour fits poorly on your massive
                  | pseudopods. [Jiyva's grace]
 29628 | Swamp:2  | Gained mutation: Your movements are slightly less
                  | encumbered by armour. (ER -2) [Jiyva's grace]
 29628 | Swamp:2  | Gained mutation: Your movements are less encumbered by
                  | armour. (ER -4) [Jiyva's grace]
 30564 | Swamp:4  | Entered Level 4 of the Swamp
 30566 | Swamp:4  | Got the Volume of Mutagenic Battle Magic
 30600 | Swamp:4  | Noticed Bai Suzhen
 30686 | Swamp:3  | Killed Bai Suzhen
 30766 | Swamp:4  | Reached XP level 20. HP: 201/201 MP: 20/20
 30770 | Swamp:4  | Identified a scroll of acquirement
 30771 | Swamp:4  | Acquired 791 gold pieces
 31071 | D:3      | Bought the +6 shillelagh "Devastator" {shatter} for 1620
                  | gold pieces
 31071 | D:3      | Found the +6 shillelagh "Devastator" {shatter}
 31366 | D:14     | You paid a toll of the shillelagh "Devastator" to enter a
                  | treasure trove
 31367 | Trove    | Entered a treasure trove
 31369 | Trove    | Found the +3 pair of seven-league boots {Rampage+∞}
 31369 | Trove    | Found the +0 pair of fencer's gloves {Riposte Dex+3}
 31381 | Trove    | Identified the +1 helmet of Negligence {rPois rF+ Regen+
                  | Str-4}
 31383 | Trove    | Identified the +0 tower shield "Noigahoed" {rElec Will+
                  | Int+2}
 31384 | Trove    | Identified the +0 hat of Paruigg {rPois rF- rN+ Str+4}
 31388 | Trove    | Identified the +0 pair of boots "Fiqaux" {Slay+2 Stlth+}
 31389 | Trove    | Identified the +1 pair of boots of Fun and Games {*Corrode
                  | rElec Regen+ Str-4 Dex+7}
 31407 | Trove    | Gained mutation: You are frail. (-10% HP) [mutagenic glow]
 31817 | Swamp:4  | Identified the +2 pair of gloves of Garhoul {rC+}
 31824 | Swamp:4  | Got a decaying rune of Zot
 32544 | Crypt:1  | Entered Level 1 of the Crypt
 32681 | Crypt:1  | Lost mutation: You are frail. (-10% HP) [Jiyva's grace]
 32681 | Crypt:1  | Lost mutation: Armour fits poorly on your massive
                  | pseudopods. [Jiyva's grace]
 32681 | Crypt:1  | Lost mutation: Armour fits poorly on your large pseudopods.
                  | [Jiyva's grace]
 32681 | Crypt:1  | Lost mutation: You have a small jelly attached to you that
                  | senses nearby items. [Jiyva's grace]
 32681 | Crypt:1  | Lost mutation: Your movements are less encumbered by
                  | armour. (ER -4) [Jiyva's grace]
 32681 | Crypt:1  | Gained mutation: Your melee attacks may engulf your foes in
                  | ooze. [Jiyva's grace]
 32681 | Crypt:1  | Gained mutation: You are agile. (Dex +2) [Jiyva's grace]
 32681 | Crypt:1  | Gained mutation: You are very agile. (Dex +4) [Jiyva's
                  | grace]
 32681 | Crypt:1  | Gained mutation: You are mostly covered in iridescent
                  | scales. (AC +4) [Jiyva's grace]
 32869 | Crypt:1  | Noticed Donald
 32891 | Crypt:1  | Killed Donald
 32892 | Crypt:1  | Found a basalt altar of Yredelemnul.
 33372 | Crypt:2  | Reached skill level 18 in Fighting
 33879 | Crypt:3  | Entered Level 3 of the Crypt
 34046 | Crypt:3  | Found a staircase to the Tomb.
 34132 | Crypt:3  | Lost mutation: Your translucent skin slightly reduces your
                  | foes' accuracy. (Stealth+) [Jiyva's grace]
 34132 | Crypt:3  | Gained mutation: You have a pair of small horns on your
                  | head. [Jiyva's grace]
 34132 | Crypt:3  | Gained mutation: You have a pair of horns on your head.
                  | [Jiyva's grace]
 34132 | Crypt:3  | Gained mutation: You have a pair of large horns on your
                  | head. [Jiyva's grace]
 34132 | Crypt:3  | Gained mutation: You have an increased reservoir of magic.
                  | (+10% MP) [Jiyva's grace]
 34427 | Crypt:3  | Noticed a dread lich
 34446 | Crypt:3  | Killed a dread lich
 34452 | Crypt:3  | Reached XP level 21. HP: 116/213 MP: 21/21
 34609 | Crypt:3  | Found the ring of the Mage {Wiz Archmagi}
 34610 | Crypt:3  | Found the +7 great mace "Undeadhunter" {disrupt, rN+}
 34614 | Crypt:3  | Identified the ring "Laptutib" {rN+ Will+ Int+4 Slay-4
                  | SInv}
 34614 | Crypt:3  | Identified the ring of the Magpie {rN+ Str+2 Int-4 SInv}
 34614 | Crypt:3  | Identified the ring "Xussimyku" {rC+ rN+}
 34633 | Crypt:3  | Identified the ring of Mirth {rPois rC+ Int+4 Dex+2 SInv}
 34771 | Crypt:3  | Identified the +3 hand axe "Souseg" {spect, rC+ rN+ Will+
                  | Str+4}
 34907 | Crypt:3  | Noticed a curse toe
 34917 | Crypt:3  | Killed a curse toe
 35114 | Crypt:3  | Found a basalt altar of Yredelemnul.
 35118 | Crypt:3  | Noticed a profane servitor
 35125 | Crypt:3  | Killed a profane servitor
 35525 | Elf:1    | Entered Level 1 of the Elven Halls
 35628 | Elf:1    | You fall into a shaft and drop 1 floor!
 35633 | Elf:2    | Found a runed translucent gate.
 35633 | Elf:2    | Found a runed translucent gate.
 35785 | Elf:2    | Found a runed translucent gate.
 36299 | Elf:2    | Lost mutation: You have a pair of large horns on your head.
                  | [Jiyva's grace]
 36299 | Elf:2    | Lost mutation: You have a pair of horns on your head.
                  | [Jiyva's grace]
 36299 | Elf:2    | Lost mutation: You have an increased reservoir of magic.
                  | (+10% MP) [Jiyva's grace]
 36299 | Elf:2    | Lost mutation: You are covered in slimy tendrils that may
                  | disarm your opponents. [Jiyva's grace]
 36299 | Elf:2    | Lost mutation: Your movements are slightly less encumbered
                  | by armour. (ER -2) [Jiyva's grace]
 36299 | Elf:2    | Lost mutation: Your melee attacks may engulf your foes in
                  | ooze. [Jiyva's grace]
 36299 | Elf:2    | Gained mutation: Your translucent skin slightly reduces
                  | your foes' accuracy. (Stealth+) [Jiyva's grace]
 36299 | Elf:2    | Gained mutation: Your translucent skin reduces your foes'
                  | accuracy. (Stealth+) [Jiyva's grace]
 36299 | Elf:2    | Gained mutation: Your transparent skin significantly
                  | reduces your foes' accuracy. (Stealth+) [Jiyva's grace]
 36299 | Elf:2    | Gained mutation: Your muscles are very strong. (Str +4)
                  | [Jiyva's grace]
 36332 | Elf:2    | Reached skill level 19 in Fighting
 36509 | Elf:3    | Entered Level 3 of the Elven Halls
 36542 | Elf:3    | Found Semojae's General Store.
 37077 | Elf:3    | Reached XP level 22. HP: 160/225 MP: 20/20
 37140 | Elf:3    | Identified the ring "Dimpu" {rC+ Will+ Slay+4}
 37208 | Elf:3    | Identified the +3 scale mail of Xuxtirgh {rCorr Int+4}
 37215 | Elf:3    | Identified the +2 chain mail of the Game Afoot {Str+4 Int+4
                  | Slay-5}
 37227 | Elf:3    | Got the Reference Book on Enchanting Conjuration
 37249 | Elf:3    | Got Heva's Collected Works on Heat and Ice
 37805 | Elf:1    | Paralysed by an air elemental for 1 turns
 37841 | Elf:1    | Reached skill level 5 in Dodging
 38018 | Elf:1    | Found the +10 dark maul {vorpal}
 38459 | Vaults:5 | Noticed a dread lich
 38464 | Vaults:5 | Reached skill level 20 in Fighting
 38509 | Vaults:5 | Noticed a dread lich
 38518 | Vaults:5 | Killed a dread lich
 38556 | Vaults:5 | Found Kupix's Distillery.
 38577 | Vaults:5 | Killed a dread lich
 38586 | Vaults:5 | Found Pihaadai's Antique Armour Shoppe.
 38601 | Vaults:5 | Bought a potion of haste for 180 gold pieces
 38601 | Vaults:5 | Bought a potion of heal wounds for 90 gold pieces
 38678 | Vaults:5 | Noticed a dread lich
 38678 | Vaults:5 | Noticed a golden dragon
 38684 | Vaults:5 | Noticed a dread lich
 38698 | Vaults:5 | Killed a golden dragon
 38704 | Vaults:5 | Killed a dread lich
 38705 | Vaults:5 | Reached skill level 21 in Fighting
 38723 | Vaults:5 | Killed a dread lich
 38841 | Vaults:5 | Noticed a dread lich
 38859 | Vaults:5 | Killed a dread lich
 38917 | Vaults:5 | Lost mutation: You have large cloven feet. [Jiyva's grace]
 38917 | Vaults:5 | Lost mutation: You are mostly covered in iridescent scales.
                  | (AC +4) [Jiyva's grace]
 38917 | Vaults:5 | Lost mutation: You are very agile. (Dex +4) [Jiyva's grace]
 38917 | Vaults:5 | Lost mutation: Your muscles are very strong. (Str +4)
                  | [Jiyva's grace]
 38917 | Vaults:5 | Lost mutation: Your transparent skin significantly reduces
                  | your foes' accuracy. (Stealth+) [Jiyva's grace]
 38917 | Vaults:5 | Gained mutation: You are mostly covered in large bone
                  | plates. (SH +6) [Jiyva's grace]
 38917 | Vaults:5 | Gained mutation: You are completely covered in large bone
                  | plates. (SH +8) [Jiyva's grace]
 38917 | Vaults:5 | Gained mutation: Armour fits poorly on your large
                  | pseudopods. [Jiyva's grace]
 38917 | Vaults:5 | Gained mutation: Armour fits poorly on your massive
                  | pseudopods. [Jiyva's grace]
 39028 | Vaults:5 | Reached skill level 22 in Fighting
 39065 | Vaults:5 | Noticed a golden dragon
 39075 | Vaults:5 | Killed a golden dragon
 39087 | Vaults:5 | Reached skill level 10 in Dodging
 39109 | Vaults:5 | Found Yback's Distillery.
 39114 | Vaults:5 | Bought a potion of heal wounds for 90 gold pieces
 39126 | Vaults:5 | Reached XP level 23. HP: 236/238 MP: 21/21
 39254 | Vaults:5 | Found Puuts's Antique Weapon Shoppe.
 39396 | Vaults:5 | Got a silver rune of Zot
 39642 | Vaults:5 | Found Kulogh's Distillery.
 39642 | Vaults:5 | Found Tadyewkekh's Magic Scroll Boutique.
 39647 | Vaults:5 | Bought a potion of invisibility for 176 gold pieces
 39647 | Vaults:5 | Bought a potion of invisibility for 176 gold pieces
 39647 | Vaults:5 | Bought a potion of might for 88 gold pieces
 39654 | Vaults:5 | Bought a scroll of enchant armour for 97 gold pieces
 39654 | Vaults:5 | Bought a scroll of brand weapon for 260 gold pieces
 39654 | Vaults:5 | Bought a scroll of holy word for 97 gold pieces
 39963 | Depths:1 | Entered Level 1 of the Depths
 39994 | Depths:1 | Reached skill level 23 in Fighting
 40212 | Depths:1 | Found Etomm's Assorted Antiques.
 40219 | Depths:1 | Found Miottu Poraf's Antique Weapon Emporium.
 40476 | Depths:1 | Found a gateway to Hell.
 40482 | Depths:1 | Got the Compendium of Heat and Clay
 40893 | Depths:2 | Found a one-way gateway to a ziggurat.
 40914 | Depths:2 | Noticed Asterion
 40923 | Depths:2 | Killed Asterion
 41012 | Depths:2 | Noticed a caustic shrike
 41020 | Depths:2 | Killed a caustic shrike
 41062 | Depths:2 | Found a one-way gate leading to the halls of Pandemonium.
 41130 | Depths:2 | Found a magical portal.
 41135 | WizLab   | Entered Alistair's Party Mansion
 41304 | WizLab   | Reached skill level 24 in Fighting
 41384 | WizLab   | Acquired the +8 war axe of Roep {protect, rN+ Int+4}
 41717 | Depths:2 | Noticed a caustic shrike
 41725 | Depths:2 | Killed a caustic shrike
 41728 | Depths:2 | Found a burning altar of Makhleb.
 41728 | Depths:2 | Noticed a juggernaut
 41739 | Depths:2 | Killed a juggernaut
 41827 | Depths:2 | Reached XP level 24. HP: 261/261 MP: 18/18
 41898 | Depths:2 | Lost mutation: Armour fits poorly on your massive
                  | pseudopods. [Jiyva's grace]
 41898 | Depths:2 | Lost mutation: Armour fits poorly on your large pseudopods.
                  | [Jiyva's grace]
 41898 | Depths:2 | Lost mutation: Armour fits poorly on your pseudopods.
                  | [Jiyva's grace]
 41898 | Depths:2 | Gained mutation: You are mostly covered in iridescent
                  | scales. (AC +4) [Jiyva's grace]
 41898 | Depths:2 | Gained mutation: You are completely covered in iridescent
                  | scales. (AC +6) [Jiyva's grace]
 41898 | Depths:2 | Gained mutation: You have sharp toenails. [Jiyva's grace]
 41898 | Depths:2 | Gained mutation: You have razor-sharp toenails. [Jiyva's
                  | grace]
 42270 | Depths:2 | Found a large runed translucent door.
 42270 | Depths:2 | Found a large runed translucent door.
 42272 | Depths:2 | Noticed Rauxtam's ghost (veteran HuFi)
 42307 | Depths:2 | Killed Rauxtam's ghost
 42598 | Depths:3 | Found Aginnol's Antique Weapon Shoppe.
 42601 | Depths:3 | Found Zevi's Distillery.
 42603 | Depths:3 | Found Kaeh Gos's Weapon Shoppe.
 42609 | Depths:3 | Bought a potion of invisibility for 176 gold pieces
 42609 | Depths:3 | Bought a potion of invisibility for 176 gold pieces
 42609 | Depths:3 | Bought a potion of heal wounds for 110 gold pieces
 42609 | Depths:3 | Bought a potion of invisibility for 176 gold pieces
 42923 | Depths:3 | Identified the +7 glaive of Uncertain Death {speed, *Noise
                  | Will+ rCorr Str+4}
 42998 | Depths:3 | Reached skill level 25 in Fighting
 43158 | Depths:3 | Identified the +7 hand axe of Beogh's Fury {spect, *Noise
                  | rC+ rCorr}
 43257 | Depths:3 | Identified the +8 lajatang "Peqae" {drain, rF+ rN+}
 43520 | Depths:4 | Entered Level 4 of the Depths
 43585 | Depths:4 | Noticed Boris
 43593 | Depths:4 | Reached skill level 15 in Dodging
 43613 | Depths:4 | Killed Boris
 43754 | Depths:4 | Found a gate to the Realm of Zot.
 43842 | Depths:4 | Identified the +8 morningstar "Beast's Undoing" {speed, rN+
                  | Str+6}
 43862 | Depths:4 | Found the +3 crown of Dyrovepreva {rElec Int+2 SInv}
 43941 | Depths:4 | Found a snail-covered altar of Cheibriados.
 44005 | Depths:4 | Lost mutation: You are completely covered in iridescent
                  | scales. (AC +6) [Jiyva's grace]
 44005 | Depths:4 | Lost mutation: You are completely covered in large bone
                  | plates. (SH +8) [Jiyva's grace]
 44005 | Depths:4 | Lost mutation: Your rubbery body absorbs attacks. (AC +1,
                  | EV +1) [Jiyva's grace]
 44005 | Depths:4 | Lost mutation: Your translucent skin reduces your foes'
                  | accuracy. (Stealth+) [Jiyva's grace]
 44005 | Depths:4 | Gained mutation: Your mind is acute. (Int +2) [Jiyva's
                  | grace]
 44005 | Depths:4 | Gained mutation: Your mind is very acute. (Int +4) [Jiyva's
                  | grace]
 44005 | Depths:4 | Gained mutation: You have a pair of horns on your head.
                  | [Jiyva's grace]
 44005 | Depths:4 | Gained mutation: You have a pair of large horns on your
                  | head. [Jiyva's grace]
 44446 | Depths:4 | Acquired 471 gold pieces
 44482 | Hell     | Entered the Vestibule of Hell
 44482 | Hell     | Noticed Geryon
 44548 | Hell     | Killed Geryon
 44569 | Hell     | Found a gateway to the Iron City of Dis.
 44588 | Hell     | Reached skill level 26 in Fighting
 44654 | Hell     | Found a gateway to the ashen valley of Gehenna.
 44764 | Hell     | Reached XP level 25. HP: 96/276 MP: 18/18
 44785 | Hell     | Found a gateway to the decaying netherworld of Tartarus.
 44831 | Hell     | Found a gateway to the freezing wastes of Cocytus.
 44899 | Coc:1    | Entered Level 1 of Cocytus
 45001 | Coc:2    | Paralysed by a wendigo for 1 turns
 45019 | Coc:2    | Noticed an ancient lich
 45045 | Coc:2    | Killed an ancient lich
 45091 | Coc:3    | Paralysed by a wendigo for 1 turns
 45443 | Zot:1    | Entered Level 1 of the Realm of Zot
 45669 | Zot:1    | Found a transporter.
 45698 | Zot:1    | Noticed a Killer Klown
 45706 | Zot:1    | Noticed a Killer Klown
 45709 | Zot:1    | Noticed a dread lich
 45711 | Zot:1    | Noticed Isontomp's ghost (legendary GnFi)
 45908 | Zot:1    | You fall into a shaft and drop 1 floor!
 45958 | Zot:2    | Reached skill level 27 in Fighting
 46554 | Zot:2    | Lost mutation: You have a pair of large horns on your head.
                  | [Jiyva's grace]
 46554 | Zot:2    | Lost mutation: You have razor-sharp toenails. [Jiyva's
                  | grace]
 46554 | Zot:2    | Lost mutation: You are mostly covered in iridescent scales.
                  | (AC +4) [Jiyva's grace]
 46554 | Zot:2    | Lost mutation: You are agile. (Dex +2) [Jiyva's grace]
 46554 | Zot:2    | Lost mutation: Your mind is very acute. (Int +4) [Jiyva's
                  | grace]
 46554 | Zot:2    | Lost mutation: You are resistant to electric shocks.
                  | (rElec) [Jiyva's grace]
 46554 | Zot:2    | Lost mutation: Your muscles are strong. (Str +2) [Jiyva's
                  | grace]
 46554 | Zot:2    | Lost mutation: Your spells are much harder to cast, but
                  | much more powerful. [Jiyva's grace]
 46554 | Zot:2    | Lost mutation: Your translucent skin slightly reduces your
                  | foes' accuracy. (Stealth+) [Jiyva's grace]
 46554 | Zot:2    | Gained mutation: You have a small jelly attached to you
                  | that may absorb projectiles. [Jiyva's grace]
 46554 | Zot:2    | Lost mutation: You have sharp toenails. [Jiyva's grace]
 46554 | Zot:2    | Gained mutation: You have large cloven feet. [Jiyva's
                  | grace]
 46554 | Zot:2    | Gained mutation: You have hoof-like feet. [Jiyva's grace]
 46554 | Zot:2    | Gained mutation: You have hooves in place of feet. [Jiyva's
                  | grace]
 46661 | Zot:1    | Found a transporter.
 47459 | Zot:4    | Reached XP level 26. HP: 290/290 MP: 18/18
 47793 | Zot:4    | Noticed an orb of fire
 47806 | Zot:4    | Killed an orb of fire
 48051 | Zot:5    | Entered Level 5 of the Realm of Zot
 48175 | Zot:5    | Lost mutation: You have hooves in place of feet. [Jiyva's
                  | grace]
 48175 | Zot:5    | Lost mutation: You have a pair of horns on your head.
                  | [Jiyva's grace]
 48175 | Zot:5    | Lost mutation: You are partially covered in iridescent
                  | scales. (AC +2) [Jiyva's grace]
 48175 | Zot:5    | Gained mutation: You are covered in slimy tendrils that may
                  | disarm your opponents. [Jiyva's grace]
 48175 | Zot:5    | Gained mutation: You have a small jelly attached to you
                  | that senses nearby items. [Jiyva's grace]
 48175 | Zot:5    | Gained mutation: Your spells are much harder to cast, but
                  | much more powerful. [Jiyva's grace]
 48175 | Zot:5    | Gained mutation: You are partially covered in iridescent
                  | scales. (AC +2) [Jiyva's grace]
 48361 | Zot:5    | Identified the +8 battleaxe "Tukoit" {vorpal, Int+5 Dex+2}
 48438 | Zot:5    | Noticed an orb of fire
 48445 | Zot:5    | Killed an orb of fire
 48450 | Zot:5    | Noticed an orb of fire
 48454 | Zot:5    | Gained mutation: You are weak. (Str -2) [an orb of fire]
 48457 | Zot:5    | Noticed an orb of fire
 48460 | Zot:5    | Killed an orb of fire
 48461 | Zot:5    | Noticed an ancient lich
 48461 | Zot:5    | Noticed an orb of fire
 48461 | Zot:5    | Noticed an orb of fire
 48461 | Zot:5    | Lost mutation: Your mind is acute. (Int +2) [an orb of
                  | fire]
 48463 | Zot:5    | Noticed an orb of fire
 48468 | Zot:5    | Noticed an orb of fire
 48470 | Zot:5    | Noticed an orb of fire
 48479 | Zot:5    | Killed from afar by an orb of fire

Illustrated notes

Levels and vault maps discovered:
D:1:      dpeg_arrival_erosion, layout_basic
D:2:      layout_loops_ring, serial_shops, shop,
          dreamdust_ecumenical_altar_grove
D:3:      layout_basic, fedhas_ov_isle_minmay, marbit_many_paths,
          overflow_temple_1_default, serial_shops, shop, shop, shop
D:4:      layout_loops_ring, mainiacjoe_overflow_boulevard, serial_shops, shop
D:5:      layout_loops_ring, portal_sewer_entry_a, uniq_pikel, uniq_duvessa,
          uniq_menkaure
D:6:      layout_loops_ring, gammafunk_ghost_gnarly_gnolls
D:7:      layout_loops_ring, mainiacjoe_overflow_swirl,
          minmay_temple_entry_glassed_door, uniq_maggie, uniq_joseph
D:8:      layout_basic, mainiacjoe_overflow_surrounded_room, zin_treasury,
          enter_bailey_4, grunt_ministairs_3, uniq_maurice
D:9:      minmay_the_grid_triangle_9x9_recursive_2
          [minmay_the_grid_triangle_9x9_prize_top_heavy,
          minmay_the_grid_triangle_9x9_minimal,
          minmay_the_grid_triangle_9x9_thin_v,
          minmay_the_grid_triangle_9x9_warning], layout_stronghold,
          lair_entry_dummy
D:10:     layout_long_grid, kennysheep_cross_bottleneck
D:11:     nzn_winding_woodlands_large [nzn_winding_woodlands_5x5_open_star,
          nzn_winding_woodlands_5x15_twine, nzn_winding_woodlands_5x5_cross,
          nzn_winding_woodlands_center_diamonds,
          nzn_winding_woodlands_15x15_five_gardens,
          nzn_winding_woodlands_center_triple_pond,
          nzn_winding_woodlands_hourglass, nzn_winding_woodlands_5x15_sawtooth,
          nzn_winding_woodlands_5x5_default], layout_irregular_city
D:12:     layout_basic, minmay_orc_entry_guard_dogs, serial_corexii_hall,
          corexii_hall_statues_deadend, corexii_hall_statues_u,
          gammafunk_ghost_hive, hive_lemuel, uniq_azrael
D:13:     layout_cave_pods, kennysheep_boxes
D:14:     layout_basic, david_vaults_4, gammafunk_ghost_arena,
          nicolae_trove_entry_diagonal, minmay_fire_ice_demons
D:15:     gammafunk_depths_entry_grave, layout_basic,
          ploomutoo_gammafunk_ghost_potion_laboratory,
          ebering_dispersal_statue_hall
Lair:1:   layout_small_grid, uniq_nergalle
Lair:2:   layout_loops_ring, minmay_swamp_entry_swarm, dummy_snake_entry,
          chequers_serial_rivers_small_3, lemuel_fruit_tree
Lair:3:   layout_regular_city, uniq_fannar
Lair:4:   layout_regular_city, cheibrodos_lair_lostbears, grunt_megastairs_4,
          infiniplex_staircase_pool, serial_bayou_shore_a
Lair:5:   layout_roguey, grunt_megastairs_3, infiniplex_staircase_pool_2,
          serial_bayou_shore_b, serial_bayou_shore_b, uniq_snorg
Lair:6:   hellmonk_lair_end_abyssal_woods, layout_long_grid, slime_altar_1,
          serial_rivers, chequers_serial_rivers_micro_e,
          chequers_serial_rivers_marsh, chequers_serial_rivers_micro_a,
          chequers_serial_rivers_small_3, chequers_serial_rivers_room_b,
          chequers_serial_rivers_large_a
Swamp:1:  nicolae_swamp_standing_stones, layout_falls_marsh, serial_swamp_ruin,
          evilmike_swamp_ruin_house_2, evilmike_swamp_ruin_house_6,
          evilmike_swamp_ruin_rubble_2
Swamp:2:  layout_basic_swamp, evilmike_swamp_ruin_house_4, swamp_pool1
Swamp:3:  layout_falls_marsh, nicolae_swamp_bean_lake, cheibrodos_swamp_minitomb
Swamp:4:  swamp_alternative, layout_basic_swamp, nicolae_swamp_some_circles,
          uniq_bai_suzhen
Snake:1:  layout_gridlike, nicolae_shop_unique_rings,
          nicolae_snake_coiling_death, grunt_megastairs_2
Snake:2:  layout_misc_corridors, basic_altar, serial_bayou_shore_b
Snake:3:  layout_basic, statue_in_the_mist_lemuel,
          nrook_guardian_serpent_ordinary, uniq_aizul, uniq_kirke, uniq_louise
Snake:4:  grunt_snake_rune_spirals, layout_onion
Slime:1:  nicolae_slime_pool, layout_caves, cheibrodos_slime_lost_civilization_5
Slime:2:  layout_caves
Slime:3:  layout_caves
Slime:4:  layout_caves, cheibrodos_slime_lost_civilization_6
Slime:5
Orc:1:    layout_diamond_mine
Orc:2:    st_orc_rangers, layout_caves
Elf:1:    layout_loops_ring, hangedman_elf_represent
Elf:2:    nicolae_elf_blades_crystal_corner, layout_loops_corners
Elf:3:    grunt_elf_hall_asides, layout_gridlike, serial_shops, shop,
          grunt_megastairs_5
Vaults:1: nicolae_vaults_branching_niches, v_misc_30,
          grunt_vaults_hallway_short, nicolae_vaults_shelves_hall,
          vaults_room_stairs_pillars, grunt_vaults_hallway_short,
          nicolae_vaults_little_squares_6, vaults_room_stairs_pillars,
          layout_vaults_chaotic_city
Vaults:2: nicolae_vaults_back_hallway, v_misc_13, v_pattern_1, v_misc_25,
          nicolae_vaults_little_ls, grunt_vaults_funnel, layout_vaults_omnigrid,
          serial_shops, shop
Vaults:3: advil_vaults_ghost_lines, nicolae_vaults_circle_grid_b,
          minmay_crypt_entry_simple_corners, nicolae_vaults_what_the_h,
          dpeg_vaults_waves, v_rooms_5, v_misc_22, grunt_vaults_hallway_short,
          vaults_mumra_hex, v_misc_29, layout_vaults_ring, serial_shops,
          bzr_entry_water
Vaults:4: v_misc_16, nicolae_vaults_windows_and_doors_thing, v_misc_12,
          hangedman_vaults_stretched_pinwheel, ontoclasm_vaults_echo,
          grunt_vaults_swirl, nicolae_vaults_little_squares_4,
          ontoclasm_vaults_ligature, ontoclasm_vaults_bender,
          nicolae_vaults_big_angled_halls, vaults_room_fours,
          nicolae_vaults_diagonal_hallway_8, nicolae_vaults_little_squares_4,
          nicolae_vaults_theta, layout_vaults_omnibox
Vaults:5
Crypt:1:  layout_gridlike, basic_altar, uniq_donald
Crypt:2:  layout_chaotic_city, chequers_hall_statues_wall_a
Crypt:3:  due_elkab, layout_chaotic_city, nicolae_tomb_entry_rubble_hallway,
          minmay_misc_feat_ornament, hangedman_blasphemy
Depths:1: layout_basic, lightli_too_deep, kennysheep_generic_room_13,
          grunt_megastairs_1, minmay_shoptagon
Depths:2: hangedman_cross_cluster, layout_twisted_cross, enter_ziggurat_b,
          ebering_ghost_disaster_area, infiniplex_enter_wizlab_spiral,
          pf_hell_entry_great_geh, rand_demon_pan_entry_1, uniq_asterion
Depths:3: kennysheep_large_vault, layout_cave_shapes, minmay_room_of_horrors,
          hell_entry, minmay_fountain_box, minmay_shop_star,
          infiniplex_staircase_zigzag_5
Depths:4: evilmike_zot_entry_round, layout_cave_shapes,
          minmay_misc_feat_hallway, grunt_hell_entry_dis_grunt,
          rand_demon_pan_entry_4, minmay_statues_item,
          chequers_serial_rivers_micro_b, cheibriados_altar_1, uniq_boris
Hell
Coc:1:    layout_cocytus_water_paths
Coc:2:    layout_cocytus_delve
Coc:3:    nicolae_coc_city_of_iceburg
Coc:4:    layout_cocytus_water_paths
Zot:1:    nicolae_moth_party, layout_onion_interference,
          gammafunk_ghost_abyssal_escape
Zot:2:    layout_onion_interference, zot_minivault_5
Zot:3:    layout_misc_corridors
Zot:4:    layout_misc_corridors
Zot:5:    layout_twisted_circle

Skill      XL: |  1  2  3  4  5  6  7  8  9 10 11 12 13 14 15 16 17 18 19 20 21 22 23 24 25 26 |
---------------+-------------------------------------------------------------------------------+-----
Fighting       | 3 4 5 8 9 10 11 12 13 14 15 16 17 18 19 22 24 26 27 | 27.0
Axes           | 3 5 6 8 10 11 12 14 15 16 17 18 19 20 21 22 | 22.5
Dodging        | 2 3 4 10 13 16 20 22 | 22.3
Armour         | 6 8 10 11 13 14 15 16 17 18 19 20 21 22 | 22.7
Shields        | 4 5 7 9 10 12 13 15 16 17 18 19 20 21 | 21.7

Action                   |  1- 3 |  4- 6 |  7- 9 | 10-12 | 13-15 | 16-18 | 19-21 | 22-24 | 25-27 || total
-------------------------+-------+-------+-------+-------+-------+-------+-------+-------+-------++-------
Melee: War axe           |   119 |    77 |   294 |   461 |       |       |       |   628 |   587 ||  2166
       Kick              |       |       |    27 |       |   176 |   319 |   120 |       |   159 ||   801
       Dagger            |       |       |       |    61 |       |       |       |       |       ||    61
       Bite              |       |       |       |    45 |     8 |   118 |   204 |   324 |   118 ||   817
       Battleaxe         |       |       |       |    65 |   626 |   808 |   778 |       |       ||  2277
       Scimitar          |       |       |       |       |    51 |       |       |       |       ||    51
       Punch             |       |       |       |       |     2 |       |       |       |       ||     2
       Pseudopods        |       |       |       |       |    39 |   150 |   335 |   326 |       ||   850
       Headbutt          |       |       |       |       |       |       |   165 |   568 |   211 ||   944
       Hand axe          |       |       |       |       |       |       |   373 |   785 |       ||  1158
Invok: Oozemancy         |       |       |     2 |     7 |     1 |       |     2 |       |       ||    12
 Abil: Heal Wounds       |     2 |       |       |       |       |       |     2 |     5 |     2 ||    11
Evoke: Wand              |       |       |       |       |       |       |       |       |     1 ||     1
  Use: Scroll            |       |       |     1 |    11 |     3 |    10 |     3 |     5 |     3 ||    36
       Potion            |       |       |       |     1 |       |     1 |       |       |       ||     2
 Stab: Sleeping          |       |       |       |     1 |     2 |       |       |       |       ||     3
       Distracted        |       |       |       |       |     1 |       |     7 |    28 |       ||    36
       Confused          |       |       |       |       |     7 |     2 |       |       |       ||     9
Armor: Scale mail        |    53 |    28 |    53 |       |       |       |       |       |       ||   134
       Chain mail        |       |       |   105 |   329 |   301 |       |       |       |       ||   735
       Plate armour      |       |       |       |       |   263 |   394 |   539 |   408 |   307 ||  1911
Dodge: Dodged            |    58 |    44 |   125 |   399 |   817 |   470 |   424 |   525 |   405 ||  3267
Block: Buckler           |    22 |    13 |    60 |   216 |       |       |   171 |  1203 |   601 ||  2286
       Other             |       |       |       |       |       |   179 |   286 |       |       ||   465
       Reflection        |       |       |       |       |       |    22 |    58 |    34 |     8 ||   122
       Rpst.: Battleaxe  |       |       |       |       |       |       |    18 |       |       ||    18
       Hand axe          |       |       |       |       |       |       |     6 |    35 |       ||    41
       War axe           |       |       |       |       |       |       |       |    44 |    28 ||    72
